Map: Forgotten Sanctuary

Players

RockfordTyso

  • Race: Terran Terran
  • Spawn Location: 9:00

RabbitEdv

  • Race: Zerg Zerg
  • Spawn Location: 12:00

BadGamer

  • Race: Protoss Protoss
  • League: Silver
  • Spawn Location: 12:00

Juaneco

  • Race: Protoss Protoss
  • Spawn Location: 9:00

DRrampage - Winner!

  • Race: Protoss Protoss
  • Spawn Location: 3:00

quan - Winner!

  • Race: Protoss Protoss
  • Spawn Location: 6:00

Infamous - Winner!

  • Race: Protoss Protoss
  • League: Silver
  • Spawn Location: 3:00

Lucid - Winner!

  • Race: Terran Terran
  • Spawn Location: 6:00

VOD

Have the link to the VOD?

Description

Time

  • Played on: March 31, 2018, 3:40 p.m.
  • Length: 13:01
Show
View Real Time Build Order
Export as new Build Order

RockfordTyso Terran 

Build Orders: Command Center First (CC) 

Get SALT Encoding   

  12  0:23  SCV  
  13  0:35  SCV  
  14  0:56  SCV  
  15  1:11  Command Center  
  15  1:19  Supply Depot  
  15  1:41  SCV  
  15  1:42  Supply Depot  
  15  1:45  Barracks  
  16  1:54  SCV  
  16  1:58  Refinery  
  17  2:02  Engineering Bay  
  17  2:06  SCV  
  18  2:14  Supply Depot  
  18  2:18  SCV  
  19  2:30  SCV  
  20  2:41  Barracks  
  20  2:42  SCV  
  21  2:47  Refinery  
  21  2:55  SCV  
  22  3:07  SCV  
  23  3:14  Barracks Reactor  
  23  3:19  SCV  
  24  3:23  Supply Depot, SCV  
  25  3:29  Barracks  
  25  3:31  SCV  
  26  3:35  SCV  
  27  3:43  SCV  
  27  3:47  SCV  
  29  3:55  SCV  
  30  3:57  Supply Depot  
  30  3:58  Barracks Reactor  
  30  3:59  SCV  
  31  4:06  Refinery  
  31  4:07  SCV  
  32  4:11  SCV  
  33  4:19  SCV  
  33  4:23  SCV  
  35  4:27  Barracks Reactor  
  35  4:28  Marine x2  
  37  4:31  SCV  
  37  4:35  SCV  
  39  4:43  SCV  
  40  4:46  Marine  
  40  4:47  SCV  
  40  4:49  Refinery  
  42  4:55  SCV  
  42  4:58  Factory  
  42  4:59  SCV  
  44  5:05  Marine  
  44  5:06  Marine x2  
  46  5:12  SCV  
  36  5:14  Marine  
  27  5:23  Marine x2  
  27  5:24  Marine, SCV  
  28  5:33  Marine  
  18  5:41  Marine x3, SCV  
  19  5:51  Marine  
  19  5:53  SCV  
  21  5:59  Marine x3  
  23  6:45  Command Center  
  23  6:53  SCV  
  24  7:06  SCV  
  25  7:20  SCV  
  26  7:32  SCV  
  27  7:44  SCV  
  28  7:56  SCV  
  29  7:59  SCV  
  30  8:08  SCV  
  30  8:11  SCV  
  32  8:20  SCV  
  32  8:23  SCV  
  34  8:32  SCV  
  34  8:33  Terran Infantry Weapons Level 1  
  35  8:35  SCV  
  36  8:42  Armory  
  36  8:44  SCV  
  36  8:47  SCV  
  38  8:51  Barracks Reactor  
  38  8:53  Barracks Reactor  
  38  8:55  Marine x2  
  38  8:57  SCV  
  38  9:00  SCV  
  42  9:12  SCV  
  43  9:32  SCV  
  44  9:38  Terran Ship Weapons Level 1  
  44  9:43  Armory  
  44  9:44  SCV  
  45  9:51  Starport  
  45  9:54  Marine x6  
  45  9:56  SCV  
  52  10:07  SCV  
  52  10:08  SCV  
  52  10:12  Marine x6  
  60  10:20  SCV x2  
  62  10:21  Supply Depot  
  62  10:27  Starport  
  62  10:29  Marine  
  62  10:32  SCV x2  
  45  10:47  Supply Depot  
Show
View Real Time Build Order
Export as new Build Order

RabbitEdv Zerg 

Build Orders: Pool First 

Get SALT Encoding   

  12  0:23  Spawning Pool  
  11  0:29  Overlord  
  11  0:34  Drone  
  12  0:39  Drone  
  13  0:57  Extractor  
  13  1:03  Extractor  
  13  1:04  Drone x3  
  14  1:32  Drone x2  
  16  1:50  Hatchery  
  16  1:52  Drone x2  
  17  1:58  Overlord  
  17  2:23  Drone x2  
  19  2:42  Hatchery  
  19  2:44  Drone x2  
  20  2:51  Hatchery  
  20  3:04  Hatchery  
  19  3:13  Hatchery  
  18  3:32  Hatchery  
  17  3:35  Drone  
  17  3:36  Drone x2  
  20  3:45  Drone  
  20  3:46  Drone x2  
  23  3:54  Overlord  
  23  4:06  Drone  
  24  4:11  Drone x2  
  26  4:33  Hatchery  
  26  4:35  Lair  
  25  4:44  Drone x3  
  28  4:45  Hatchery  
  28  4:49  Drone x2  
  28  4:50  Drone  
  30  5:14  Extractor  
  30  5:17  Extractor  
  28  5:23  Drone x2  
  28  5:24  Drone x4  
  28  5:25  Drone x2  
  33  6:05  Spire  
  32  6:18  Drone x3  
  35  6:29  Drone  
  25  6:32  Drone  
  25  6:33  Drone  
  22  6:42  Spire  
  21  6:48  Infestation Pit  
  20  6:56  Overlord x3  
  20  6:57  Overlord x6  
  20  6:58  Overlord x2  
  20  6:59  Overlord x5  
  20  7:00  Overlord  
  20  7:06  Overlord  
  20  7:32  Mutalisk x3  
  20  7:35  Mutalisk  
  28  7:43  Mutalisk  
  30  8:17  Hatchery  
  31  8:34  Drone x2  
  31  8:35  Drone x6  
  37  8:44  Drone x2  
  37  8:47  Drone  
  40  8:50  Drone  
  41  9:04  Drone x2  
  41  9:05  Drone x2  
  41  9:07  Drone  
  46  9:10  Drone  
  46  9:12  Drone  
  46  9:15  Drone  
  49  9:18  Drone  
  50  10:50  Hive  
  50  11:13  Corruptor x4  
  50  11:14  Corruptor x4  
  50  11:15  Corruptor x6  
  78  11:23  Corruptor  
  80  11:27  Corruptor  
Show
View Real Time Build Order
Export as new Build Order

BadGamer Protoss 

Build Orders:  

Get SALT Encoding   

  12  0:15  Pylon, Probe (Chrono Boost)  
  13  0:24  Probe (Chrono Boost)  
  14  0:29  Probe (Chrono Boost)  
  15  0:40  Forge  
  15  0:45  Assimilator  
  15  0:46  Probe  
  16  0:58  Probe  
  17  1:18  Photon Cannon  
  17  1:22  Photon Cannon  
  17  1:25  Probe  
  18  1:45  Pylon  
  18  1:51  Gateway  
  18  1:59  Probe (Chrono Boost)  
  18  2:00  Pylon  
  19  2:07  Assimilator  
  19  2:11  Probe (Chrono Boost)  
  20  2:19  Probe (Chrono Boost)  
  21  2:26  Probe  
  22  2:35  Photon Cannon  
  22  2:38  Probe  
  23  2:48  Cybernetics Core  
  23  2:59  Nexus  
  23  3:15  Photon Cannon  
  23  3:19  Photon Cannon  
  23  3:31  Stargate  
  23  3:37  Probe (Chrono Boost)  
  24  3:44  Pylon  
  24  3:47  Probe (Chrono Boost)  
  25  3:49  Pylon  
  25  3:52  Probe (Chrono Boost)  
  26  4:01  Stargate  
  26  4:11  Photon Cannon  
  26  4:12  Probe (Chrono Boost)  
  28  4:18  Probe (Chrono Boost)  
  28  4:23  Probe (Chrono Boost)  
  29  4:24  Photon Cannon  
  29  4:26  Probe (Chrono Boost)  
  29  4:29  Probe (Chrono Boost)  
  30  4:31  Probe (Chrono Boost)  
  28  4:39  Probe  
  25  4:48  Photon Cannon  
  25  4:51  Probe  
  26  5:05  Stargate  
  26  5:11  Photon Cannon  
  26  5:14  Pylon  
  26  5:31  Pylon  
  26  5:37  Photon Cannon  
  26  5:41  Photon Cannon  
  26  5:44  Assimilator  
  26  5:46  Photon Cannon  
  26  6:32  Probe (Chrono Boost)  
  27  6:41  Probe (Chrono Boost), Fleet Beacon  
  27  6:44  Void Ray x2 (Chrono Boost)  
  27  6:46  Probe (Chrono Boost), Photon Cannon, Phoenix (Chrono Boost)  
  39  6:54  Photon Cannon  
  39  6:58  Probe  
  40  7:08  Photon Cannon  
  40  7:10  Probe  
  41  7:49  Tempest x3  
  59  8:02  Photon Cannon  
  59  8:06  Pylon  
  59  8:10  Probe (Chrono Boost)  
  61  8:20  Probe (Chrono Boost)  
  61  8:25  Probe (Chrono Boost)  
  62  8:27  Photon Cannon  
  62  8:36  Tempest x2  
  62  8:37  Probe  
  75  8:43  Assimilator  
  75  8:49  Probe  
  76  9:19  Photon Cannon  
  76  9:23  Photon Cannon  
  76  9:45  Photon Cannon  
  76  9:46  Pylon  
  76  9:50  Photon Cannon  
  76  9:54  Pylon  
  76  9:57  Tempest  
  76  9:58  Photon Cannon  
  82  10:04  Tempest x2  
  94  10:12  Probe, Pylon  
  95  10:16  Pylon  
  95  10:24  Probe  
  96  10:34  Photon Cannon  
  96  10:36  Probe  
  39  11:55  Nexus  
  39  11:59  Pylon  
  39  12:02  Pylon  
  39  12:04  Photon Cannon  
  39  12:06  Photon Cannon  
  39  12:08  Phoenix x2 (Chrono Boost)  
  39  12:09  Phoenix (Chrono Boost), Photon Cannon  
  39  12:12  Photon Cannon  
  39  12:13  Stargate  
  45  12:25  Phoenix (Chrono Boost)  
Show
View Real Time Build Order
Export as new Build Order

Juaneco Protoss 

Build Orders:  

Get SALT Encoding   

  12  2:45  Probe  
  13  2:53  Probe  
  14  3:01  Pylon  
  14  3:02  Probe  
  15  3:06  Pylon  
  15  3:19  Probe  
  16  3:27  Probe  
  17  3:35  Probe  
  17  3:40  Gateway  
  18  3:42  Gateway  
  18  3:45  Probe  
  19  3:57  Probe  
  20  4:09  Probe  
  21  4:13  Pylon  
  21  4:17  Probe  
  21  4:20  Forge  
  22  4:26  Probe  
  23  4:36  Probe  
  24  4:56  Probe  
  25  5:04  Probe  
  25  5:14  Probe  
  27  5:26  Probe  
  28  5:38  Probe  
  29  5:53  Zealot  
  30  5:58  Zealot  
  5  6:57  Probe  
  6  7:46  Probe  
  7  7:54  Probe  
  8  8:03  Probe  
  9  8:15  Probe  
  10  8:27  Probe  
Show
View Real Time Build Order
Export as new Build Order

DRrampage Protoss - Winner!

Build Orders:  

Get SALT Encoding   

  12  0:07  Probe  
  13  0:19  Probe  
  14  0:31  Probe  
  15  1:08  Pylon  
  15  1:26  Probe (Chrono Boost)  
  16  1:36  Probe (Chrono Boost)  
  16  1:39  Gateway  
  17  1:40  Forge  
  17  1:41  Probe (Chrono Boost)  
  18  1:52  Probe  
  19  2:03  Assimilator  
  19  2:05  Probe  
  19  2:06  Assimilator  
  20  2:31  Photon Cannon  
  20  2:46  Probe (Chrono Boost)  
  21  2:56  Probe (Chrono Boost)  
  22  3:01  Probe (Chrono Boost)  
  23  3:19  Cybernetics Core  
  23  3:33  Pylon  
  23  3:51  Probe  
  23  3:54  Warp Gate (Chrono Boost)  
  24  4:03  Probe (Chrono Boost)  
  25  4:10  Pylon  
  25  4:15  Probe (Chrono Boost)  
  26  4:21  Probe (Chrono Boost)  
  27  4:29  Probe  
  28  4:42  Probe  
  28  4:43  Robotics Facility  
  29  5:04  Photon Cannon  
  29  5:09  Photon Cannon  
  29  5:33  Observer  
  30  5:35  Twilight Council  
  30  6:16  Nexus  
  30  6:39  Dark Shrine  
  30  7:03  Observer  
  31  7:13  Assimilator  
  31  7:17  Assimilator  
  31  7:23  Pylon  
  31  7:25  Pylon  
  31  7:29  Pylon  
  31  8:06  Gateway  
  31  8:07  Gateway  
  31  8:10  Gateway  
  31  8:12  Gateway  
  31  8:15  Gateway  
  31  8:16  Pylon x2  
  31  8:19  Warp Prism  
  33  9:16  Stalker  
  33  9:17  Stalker x4  
  37  9:18  Stalker  
  45  11:01  Probe (Chrono Boost)  
  47  11:12  Probe (Chrono Boost)  
  47  11:17  Probe (Chrono Boost)  
  48  11:50  Dark Templar  
  48  11:51  Dark Templar x2  
  48  11:52  Dark Templar  
  56  11:55  Dark Templar  
  56  11:59  Dark Templar  
  60  12:57  Dark Templar x2  
  60  12:58  Dark Templar x3  
  66  12:59  Dark Templar  
Show
View Real Time Build Order
Export as new Build Order

quan Protoss - Winner!

Build Orders:  

Get SALT Encoding   

  12  0:19  Pylon  
  12  0:24  Pylon  
  12  0:38  Forge  
  12  0:45  Pylon  
  12  0:53  Probe  
  13  1:03  Gateway  
  13  1:14  Probe  
  14  1:26  Probe  
  14  1:28  Pylon  
  15  1:38  Assimilator  
  15  1:42  Assimilator  
  15  1:50  Photon Cannon  
  15  2:05  Photon Cannon  
  15  2:16  Cybernetics Core  
  15  2:31  Pylon  
  15  2:34  Pylon  
  15  2:40  Pylon  
  15  3:02  Shield Battery  
  15  3:08  Shield Battery  
  15  3:31  Nexus  
  15  3:51  Stargate  
  15  3:54  Zealot  
  17  4:09  Probe  
  18  4:22  Probe  
  19  4:31  Stargate  
  19  4:34  Probe  
  20  4:43  Probe  
  21  4:46  Probe  
  22  4:55  Probe  
  22  4:58  Probe  
  24  5:07  Probe  
  24  5:12  Void Ray  
  29  5:19  Probe  
  30  5:43  Fleet Beacon  
  30  6:03  Probe  
  31  6:06  Assimilator  
  31  6:09  Assimilator  
  31  6:11  Void Ray  
  31  6:16  Probe  
  36  6:28  Probe  
  37  6:40  Probe  
  38  6:52  Probe  
  39  7:00  Carrier  
  45  7:04  Probe  
  46  7:16  Probe  
  47  7:28  Probe  
  48  7:40  Probe  
  48  7:44  Carrier  
  55  7:52  Probe  
  56  8:01  Mothership  
  64  8:26  Void Ray  
  68  9:06  Tempest (Chrono Boost)  
  74  9:33  Carrier  
  80  9:54  Carrier  
  86  10:13  Nexus  
  86  11:16  Pylon  
  86  11:19  Pylon  
  86  11:20  Carrier (Chrono Boost)  
  86  11:21  Carrier (Chrono Boost)  
  86  11:23  Pylon x2  
Show
View Real Time Build Order
Export as new Build Order

Infamous Protoss - Winner!

Build Orders: 1 Gate Expand, Oracle Opening 

Get SALT Encoding   

  12  0:01  Probe  
  13  0:15  Probe  
  13  0:19  Pylon  
  14  0:27  Probe  
  15  0:39  Gateway  
  15  0:43  Probe  
  16  0:59  Probe  
  17  1:22  Nexus  
  17  1:24  Probe  
  18  1:37  Assimilator  
  18  1:45  Cybernetics Core  
  18  1:53  Probe  
  19  1:54  Zealot (Chrono Boost)  
  21  2:05  Probe  
  22  2:16  Assimilator  
  22  2:17  Pylon  
  22  2:49  Stargate  
  22  2:57  Warp Gate (Chrono Boost)  
  22  2:58  Gateway  
  22  2:59  Gateway  
  22  3:05  Probe (Chrono Boost)  
  24  3:06  Probe (Chrono Boost)  
  26  3:21  Probe (Chrono Boost)  
  26  3:24  Probe (Chrono Boost)  
  26  3:27  Probe (Chrono Boost), Pylon  
  27  3:37  Oracle  
  30  4:04  Probe (Chrono Boost)  
  30  4:05  Probe (Chrono Boost)  
  32  4:13  Pylon  
  36  4:18  Oracle  
  36  4:24  Probe (Chrono Boost)  
  37  4:26  Probe (Chrono Boost)  
  37  5:05  Oracle  
  40  5:10  Assimilator  
  40  5:15  Assimilator  
  40  5:19  Gateway  
  40  5:20  Gateway  
  40  5:21  Probe x2  
  42  5:22  Gateway  
  42  5:24  Gateway  
  42  5:25  Gateway  
  42  5:49  Pylon  
  42  5:52  Pylon, Stalker x3  
  48  6:17  Probe x2  
  50  6:19  Oracle  
  53  6:35  Probe x2  
  53  6:38  Stalker x2  
  53  6:39  Stalker  
  61  7:03  Stargate  
  61  7:04  Stargate  
  61  7:08  Pylon  
  61  7:13  Forge  
  61  7:27  Forge  
  58  7:36  Void Ray (Chrono Boost)  
  59  7:40  Stalker x2  
  59  7:42  Zealot x3  
  59  7:43  Zealot x3  
  72  7:54  Probe x2  
  72  7:55  Protoss Ground Weapons Level 1 (Chrono Boost)  
  82  8:08  Void Ray (Chrono Boost)  
  82  8:11  Void Ray (Chrono Boost)  
  82  8:14  Protoss Ground Armor Level 1 (Chrono Boost)  
  82  8:16  Zealot x2  
  86  8:47  Twilight Council  
  86  8:49  Void Ray  
  86  8:53  Probe x2  
  67  9:21  Stalker x4  
  67  9:22  Stalker x2  
  70  9:26  Blink (Chrono Boost)  
  70  9:39  Pylon  
  70  9:44  Probe x2  
  72  9:51  Protoss Ground Weapons Level 2 (Chrono Boost)  
  72  9:52  Void Ray  
  72  9:57  Photon Cannon  
  72  9:59  Photon Cannon  
  72  10:02  Shield Battery  
  72  10:03  Photon Cannon  
  72  10:11  Void Ray (Chrono Boost)  
  72  10:13  Probe  
  77  10:19  Sentry x2  
  81  10:22  Zealot  
  83  10:35  Pylon  
  83  10:38  Pylon  
  83  10:48  Protoss Ground Armor Level 2 (Chrono Boost)  
  83  10:50  Void Ray (Chrono Boost)  
  87  11:03  Stalker x3  
  93  11:06  Sentry  
  95  11:22  Stalker x3  
  101  11:44  Pylon  
  101  11:47  Pylon  
  101  12:02  Void Ray  
  101  12:03  Stalker x2  
  109  12:31  Nexus  
  109  12:35  Pylon  
  109  12:37  Pylon  
Show
View Real Time Build Order
Export as new Build Order

Lucid Terran - Winner!

Build Orders: Command Center First (CC), MMM Bio 

Get SALT Encoding   

  12  0:03  SCV  
  13  0:16  SCV  
  14  0:28  SCV  
  15  0:48  Command Center  
  15  1:03  Supply Depot  
  15  1:25  SCV  
  16  1:27  Barracks  
  16  1:35  Barracks  
  17  1:40  Barracks, SCV  
  17  2:08  SCV  
  18  2:09  Barracks  
  18  2:11  SCV  
  19  2:23  SCV  
  19  2:24  SCV  
  21  2:36  Orbital Command  
  21  2:37  Orbital Command  
  21  2:39  Marine  
  22  2:46  Marine x2  
  24  2:53  Refinery  
  24  2:55  Refinery  
  24  3:00  Marine x2  
  26  3:11  SCV  
  27  3:13  SCV  
  27  3:15  Marine x2  
  30  3:25  Supply Depot  
  30  3:30  Marine x2  
  32  3:36  Marine x2  
  34  3:43  Refinery  
  34  3:46  SCV  
  34  3:47  Refinery  
  34  3:48  Marine x2, Supply Depot  
  37  3:56  Marine x2  
  37  3:58  SCV  
  40  4:09  Marine, Engineering Bay  
  40  4:10  Marine, SCV  
  40  4:11  Supply Depot  
  40  4:14  Marine  
  44  4:36  Engineering Bay  
  41  5:42  Barracks Reactor  
  41  5:43  Barracks Reactor  
  41  5:45  Barracks Tech Lab  
  40  5:53  Barracks Tech Lab  
  26  6:34  SCV  
  27  6:43  Terran Infantry Weapons Level 1, Terran Infantry Armor Level 1  
  27  6:45  Stimpack, Combat Shields  
  27  6:46  SCV  
  28  6:47  Marine x6  
  34  6:58  Factory  
  34  6:59  SCV  
  35  7:05  Marine  
  35  7:06  Barracks, Command Center  
  35  7:07  Barracks  
  36  7:08  Barracks  
  36  7:09  Barracks  
  36  7:10  Marine x2  
  36  7:11  Marine x2, SCV  
  36  7:12  Marine  
  42  7:22  Missile Turret  
  42  7:23  SCV  
  42  7:25  Missile Turret  
  43  7:30  Marine x3  
  43  7:31  Marine x3  
  49  7:41  SCV  
  49  7:43  SCV  
  51  7:50  Supply Depot  
  51  7:51  Supply Depot  
  51  7:52  Supply Depot  
  51  7:53  SCV  
  51  7:55  SCV  
  51  7:56  Barracks Reactor x2  
  51  7:57  Barracks Reactor x2  
  53  7:59  Factory Tech Lab  
  53  8:05  SCV  
  53  8:07  SCV  
  53  8:08  Starport  
  53  8:12  Marine, Armory  
  56  8:13  Marine x5  
  56  8:15  Supply Depot  
  56  8:18  SCV, Orbital Command  
  63  8:20  SCV  
  63  8:30  Marine x3, SCV  
  63  8:32  SCV  
  68  8:42  Marine x8  
  68  8:43  Marine x2  
  68  8:44  Marine  
  79  8:53  Starport Reactor  
  79  8:56  Marine  
  80  9:03  Supply Depot  
  80  9:06  Supply Depot  
  80  9:08  Supply Depot x2  
  80  9:09  Supply Depot x2, Terran Infantry Weapons Level 2  
  80  9:11  Supply Depot  
  80  9:15  Terran Infantry Armor Level 2  
  80  9:27  Supply Depot  
  80  9:30  Medivac  
  80  9:31  Medivac  
  84  9:40  Missile Turret  
  84  9:54  Marine x9  
  84  9:55  Marine  
  94  10:00  Medivac  
  94  10:01  Medivac  
  98  10:09  Marine x3  
  98  10:10  Marine  
  102  10:30  Medivac  
  102  10:31  Medivac  
  106  10:54  Marine x12  
  106  10:55  Marine x2  
  119  11:11  Marine  
  119  11:12  Marine x3  
  121  11:40  Marine x5  
  121  11:41  Marine x9  
  135  11:58  Marine x7  
  142  12:09  Marine  
  142  12:10  Marine x6  
  149  12:16  Marine x2  
  151  12:25  Marine  
  151  12:27  Medivac x2  
Tags
 
Add a new tag
Caveats
  • Supply blocks, unpowered buildings, or Contaminate may cause inaccurate times.
  • Supply counts are checked every 10 seconds.